 Dungeon Crawl Stone Soup version 0.15.0-16-gce31824 (webtiles) character file.

107 MDvedh the Chopper (level 4, -1/33 HPs)
             Began as a Hill Orc Air Elementalist on Sept 6, 2014.
             Slain by a giant gecko (3 damage)
             ... on Level 3 of the Dungeon.
             The game lasted 00:04:58 (2389 turns).

MDvedh the Chopper (Hill Orc Air Elementalist)      Turns: 2389, Time: 00:04:58

HP  -1/33        AC 10     Str 11      XL: 4   Next: 86%
MP   5/5         EV  1     Int 15      God:
Gold 113         SH  0     Dex 13      Spells:  1 memorised,  5 levels left

rFire  . . .     SeeInvis +     e - +0 hand axe
rCold  . . .     Clarity  +     j - +0 plate armour
rNeg   . . .     rCorr    .     (no shield)
rPois  .         rRot     .     (no helmet)
rElec  .         Spirit   .     (no cloak)
SustAb .         Warding  .     (no gloves)
rMut   .         Stasis   .     (no boots)
Gourm  .                        (no amulet)
MR     .....                    (no ring)
                                d - ring of see invisible

@: not resistant to hostile enchantments, extremely unstealthy
A: agile 1, clarity, low mp 1
a: no special abilities


You were on level 3 of the Dungeon.
You were not hungry.

You visited 1 branch of the dungeon, and saw 3 of its levels.

You collected 113 gold pieces.

Inventory:

Hand weapons
 e - a +0 hand axe (weapon)
Armour
 j - a +0 plate armour (worn)
Comestibles
 c - a meat ration
 h - a slice of pizza
 p - a bread ration
Scrolls
 i - a scroll of noise {unknown}
 l - a scroll of remove curse {unknown}
 m - a scroll of enchant weapon {unknown}
Jewellery
 a - an uncursed ring of ice {unknown}
 d - a ring of see invisible (left hand)
Potions
 g - a potion of restore abilities
 k - a potion of confusion {unknown}
 n - a potion of curing {unknown}
 q - a potion of lignification {unknown}
Books
 b - a book of Air

   Spells                             Type                      Level
   *Shock                             Conjuration/Air              1
   Swiftness                          Charms/Air                   2
   Repel Missiles                     Charms/Air                   2
   Flight                             Charms/Air                   3
   Static Discharge                   Conjuration/Air              3
   Lightning Bolt                     Conjuration/Air              5


   Skills:
 + Level 5.6 Axes
 - Level 1.5 Dodging
 - Level 1.5 Stealth
 - Level 1.5 Spellcasting
 - Level 1.0 Conjurations
 - Level 2.4 Air Magic


You had 5 spell levels left.
You knew the following spells:

 Your Spells              Type           Power        Failure   Level  Hunger
a - Shock                 Conj/Air       #...         100%        1    ##.....


Dungeon Overview and Level Annotations

Branches:
Dungeon (3/15)

Altars:
Cheibriados
Fedhas
Makhleb
Trog


Innate Abilities, Weirdness & Mutations

You are agile. (Dex +2)
You possess an exceptional clarity of mind.
Your magical capacity is low (-10% MP).


Message History

The giant gecko is heavily wounded.
The giant gecko bites you.
* * * LOW HITPOINT WARNING * * *
The giant gecko bites you.
* * * LOW HITPOINT WARNING * * *
You are too injured to fight recklessly!
You are too injured to fight recklessly!
You are too injured to fight recklessly!
You are too injured to fight recklessly!
You are too injured to fight recklessly!
Drink which item? (? for menu, Esc to quit)
Okay, then.
Eat which item? (? for menu, Esc to quit)
The giant gecko bites you but does no damage.
You continue eating.
The giant gecko bites you.
* * * LOW HITPOINT WARNING * * *
You continue eating.
The giant gecko bites you.
You die...

........# #...........
........## #............
.........# #............
.........# #............
.........###.............
......(........#.........
####.....###.#...#+######
#.....# #.##)<#.##.....
#.....# #.[.l@.).......
#.....# #####.#.##..... #
#.....# ......# . ..
....... .......... #
######.# #.....%..#.# #.#
#....##..#.# . .##.. ..#
# ##. ..# . .


You could see a giant gecko.

Vanquished Creatures
  An orc wizard (D:3)
  2 adders (D:3)
  A worm (D:2)
  2 giant geckos
  3 orcs (D:3)
  2 bats
  3 giant cockroaches
  5 goblins
  4 hobgoblins
  5 jackals
  6 kobolds
  2 quokkas (D:2)
  6 giant newts
  5 rats
47 creatures vanquished.

Notes
Turn   | Place    | Note
--------------------------------------------------------------
     0 | D:1      | MDvedh, the Hill Orc Air Elementalist, began the quest for the Orb.
     0 | D:1      | Reached XP level 1. HP: 14/14 MP: 2/2
    41 | D:1      | Reached skill level 1 in Axes
   151 | D:1      | Reached XP level 2. HP: 20/20 MP: 3/3
   579 | D:2      | Reached skill level 3 in Axes
   661 | D:2      | Found a blossoming altar of Fedhas.
   835 | D:2      | Found a snail-covered altar of Cheibriados.
   994 | D:2      | Found a bloodstained altar of Trog.
  1052 | D:2      | Found a burning altar of Makhleb.
  1056 | D:2      | Reached XP level 3. HP: 26/26 MP: 5/5
  1315 | D:2      | Reached skill level 4 in Axes
  1763 | D:3      | Gained mutation: You possess an exceptional clarity of mind. [potion of mutation]
  1763 | D:3      | Gained mutation: You are agile. (Dex +2) [potion of mutation]
  1763 | D:3      | Gained mutation: Your magical capacity is low (-10% MP). [potion of mutation]
  1878 | D:3      | Reached XP level 4. HP: 19/33 MP: 5/5
  2064 | D:3      | Reached skill level 5 in Axes
  2389 | D:3      | Slain by a giant gecko

Action                   |  1- 3 |  4- 6 || total
-------------------------+-------+-------++-------
Melee: Hand axe          |   194 |    72 ||   266
  Use: Scroll            |     2 |       ||     2
       Potion            |     1 |       ||     1
  Eat: Chunk             |     3 |       ||     3
       Meat ration       |       |     1 ||     1
